 Dungeon Crawl Stone Soup version 0.31-a0-806-g0bc164a743 (webtiles) character file.

Game seed: 11378113371660061929

53 hikkokomori the Shooter (level 4, -9/34 HPs)
             Began as a Formicid Hunter on Sept 20, 2023.
             Killed by divine providence
             ... invoked by an orc priest
              (14 damage)
             ... on level 2 of the Dungeon.
             The game lasted 00:01:21 (1271 turns).

hikkokomori the Shooter (Formicid Hunter)           Turns: 1271, Time: 00:01:23

Health: -9/34      AC:  4    Str: 16    XL:     4   Next: 11%
Magic:  4/4        EV: 12    Int:  8    God:
Gold:   92         SH:  0    Dex: 19    Spells: 3/3 levels left

rFire   . . .        a - +0 shortbow
rCold   . . .        (no shield)
rNeg    . . .        c - +0 leather armour
rPois   .            (helmet unavailable)
rElec   .            j - +0 cloak
rCorr   .            (no gloves)
SInv    +            (no boots)
Will    .....        (no amulet)
Stlth   ++           (no ring)
HPRegen 0.25/turn    (no ring)
MPRegen 0.09/turn

%: no passive effects
@: no status effects
A: permanent stasis, dig shafts and tunnels, antennae 3, four strong arms
a: Dig, Shaft Self


You were on level 2 of the Dungeon.
You visited 1 branch of the dungeon, and saw 3 of its levels.

You collected 92 gold pieces.

Inventory:

Hand Weapons
 a - a +0 shortbow (weapon)
Armour
 c - a +0 leather armour (worn)
 j - a +0 cloak (worn)
Talismans
 m - a flux talisman
Scrolls
 b - 2 scrolls of butterflies
 d - a scroll of teleportation {unknown}
 e - 2 scrolls of fog {unknown}
 g - 2 scrolls of identify {unknown}
 h - a scroll of immolation {unknown}
 i - a scroll of silence {unknown}
 k - a scroll of fear {unknown}
 n - 2 scrolls of vulnerability {unknown}
Potions
 l - a potion of berserk rage {unknown}


   Skills:
 + Level 2.9 Fighting
 + Level 4.3 Ranged Weapons
 + Level 2.3 Dodging
 + Level 2.6 Stealth


You had 3 spell levels left.
You didn't know any spells.
Your spell library contained the following spells:

 Spells                   Type           Power      Damage    Failure   Level
 Dazzling Flash           Conj/Hex       0%         N/A       85%         3
 Gell's Gravitas          Tloc           0%         N/A       85%         3
 Teleport Other           Tloc           0%         N/A       85%         3
 Volatile Blastmotes      Fire/Tloc      0%         2d10      85%         3
 Dispersal                Tloc           0%         N/A       100%        6
 Starburst                Conj/Fire      0%         6d3       100%        6
 Maxwell's Capacitive Co  Air            0%         ∞         100%        8


Dungeon Overview and Level Annotations

Branches:
Dungeon (3/15)

Altars:


Innate Abilities, Weirdness & Mutations

You cannot be hasted, slowed, berserked, paralysed or teleported.
You can dig through walls and to a lower floor.
You have a pair of large antennae on your head. (SInv)
Your four strong arms can wield two-handed weapons with a shield.


Message History

The orc priest is heavily wounded.
The ball python bites you but does no damage.
The ball python constricts you.
* * * LOW HITPOINT WARNING * * *
The orc priest hits you with a +0 club.
* * * LOW HITPOINT WARNING * * *
It was a potion of curing.
You feel better.
The ball python bites you but does no damage.
The ball python constricts you.
The orc priest begins to cast a cantrip, but forgets the words!
You shoot an arrow. The arrow barely misses the orc priest.
The ball python barely misses you. The ball python constricts you.
The orc priest hits you with a +0 club.
* * * LOW HITPOINT WARNING * * *
The ball python barely misses you. The ball python constricts you.
* * * LOW HITPOINT WARNING * * *
You shoot an arrow. The arrow hits the ball python!
You kill the ball python!
The orc priest misses you.
You shoot an arrow.
The arrow closely misses the orc priest.
The orc priest hits you but does no damage.
The orc priest hits you with a +0 club.
* * * LOW HITPOINT WARNING * * *
You shoot an arrow. The arrow hits the orc priest.
The orc priest is heavily wounded.
The orc priest hits you but does no damage.
Unknown command.
You shoot an arrow.
The arrow hits the orc priest but does no damage.
The orc priest is heavily wounded.
The orc priest closely misses you.
Fire: a) +0 shortbow
Press: ? - help, Shift-Dir - straight line, f/p - orc priest
Aim: an orc priest, wielding a +0 club (heavily wounded, 64% to hit)
You shoot an arrow. The arrow hits the orc priest.
The orc priest is almost dead.
The orc priest invokes the aid of Beogh against you.
Beogh smites you!
You die...

#.....# #.# #.........#.# #.....#
#.# #########.#.# #.†...# #.#
#.#.# ### #.....# #.# #.#.# ..#
#.....# #.# #.#.# ..#
#.....#######.# #.#.#
..###.............# #.#.#
.........(......o†# #.#.#
#########.......@.# #.#.#
#####.####..# #.#.# ##### #.....#
#..# #.#.# ....# #)....# #.<#
#.#†# ....# #.....# #.## #.#.#
....# #.....# #.# ##########.#.#
....###.....# #.# #........#.#[#
............####.###........#.#.#
....###.###........÷..........#.#


You could see an orc priest.

Vanquished Creatures
  2 adders (D:2)
  A dart slug (D:1)
  An endoplasm (D:2)
  2 giant cockroaches
  4 goblins (D:1)
  4 hobgoblins
  4 jackals (D:1)
  2 quokkas (D:1)
  4 ball pythons
  3 bats
  A frilled lizard (D:1)
  2 kobolds
  A rat (D:2)
31 creatures vanquished.

Notes
Turn   | Place    | Note
-------+----------+-------------------------------------------
     0 | D:1      | hikkokomori the Formicid Hunter began the quest for the
                  | Orb.
     0 | D:1      | Reached XP level 1. HP: 16/16 MP: 1/1
   103 | D:1      | Reached XP level 2. HP: 20/23 MP: 2/2
   448 | D:1      | Reached XP level 3. HP: 26/28 MP: 3/3
   833 | D:2      | Reached XP level 4. HP: 23/34 MP: 4/4
  1271 | D:2      | Killed from afar by an orc priest

Illustrated notes

Levels and vault maps discovered:
D:1:      minmay_arrival_plants_in_alcoves, layout_loops_ring
D:2:      layout_basic
D:3:      layout_basic, grunt_temple_overflow_opulence, serial_shops, shop,
          grunt_ministairs_9

Skill      XL: |  1  2 |
---------------+-------+-----
Dodging        | 2 |  2.3
Stealth        | 2 |  2.6
Fighting       | |  2.9
Ranged Weapons | |  4.3

Action                     |  1- 3 |  4- 6 || total
---------------------------+-------+-------++-------
   Fire: Shortbow          |    73 |    21 ||    94
    Use: Potion            |       |     1 ||     1
 Armour: Leather armour    |    10 |    20 ||    30
  Dodge: Dodged            |     9 |    12 ||    21

Table legend: (Time is in decaauts)
 A = Elapsed time spent in this place.
 B = Non-inter-level travel time spent in this place.
 C = Inter-level travel time spent in this place.
 D = Time resting spent in this place.
 E = Time spent auto-exploring this place.
 F = Levels seen in this place.
 G = Mean time per level.
                   A        B        C        D        E       F      G
               +--------+--------+--------+--------+--------+-----+--------+
         Total |   1292 |   1226 |     66 |      0 |   1013 |   3 |  430.7 |
       Dungeon |   1292 |   1226 |     66 |      0 |   1013 |   3 |  430.7 |
               +--------+--------+--------+--------+--------+-----+--------+

Top non-repeatable levels by time:
     D:1: 706 daAuts
     D:2: 583 daAuts
     D:3: 2 daAuts
